 Dungeon Crawl Stone Soup version 0.30-a0-310-g7d6cbdfea6 (webtiles) character file.

Game seed: 10809666646549362226

121 ryw the Trooper (level 4, -1/39 HPs)
             Began as a Demonspawn Monk on Oct 25, 2022.
             Slain by Sigmund
             ... wielding a +2 scythe of venom
              (3 damage)
             ... on level 3 of the Dungeon.
             The game lasted 00:03:03 (1940 turns).

ryw the Trooper (Demonspawn Monk)                   Turns: 1940, Time: 00:03:03

Health: -1/39      AC:  4    Str: 13    XL:     4   Next: 76%
Magic:  4/4        EV: 12    Int: 12    God:
Gold:   82         SH:  0    Dex: 11    Spells: 3/3 levels left

rFire   . . .      SeeInvis .    j - +3 trident of Focus {pain, Fly rCorr Dex-4 Stlth-}
rCold   . . .      Faith    .    (no shield)
rNeg    . . .      Spirit   .    a - +0 robe
rPois   .          Reflect  .    (no helmet)
rElec   .          Harm     .    c - +0 cloak
rCorr   +          Rampage  .    (no gloves)
Will    .....                    (no boots)
Stlth   +.........               (no amulet)
HPRegen 0.26/turn                (no ring)
MPRegen 0.09/turn                (no ring)

@: lethally poisoned (-1 -> -18), flying
A: powered by death 1, sharp scales 1
a: no special abilities


You were on level 3 of the Dungeon.
You visited 1 branch of the dungeon, and saw 3 of its levels.

You collected 82 gold pieces.

Inventory:

Hand Weapons
 j - the +3 trident of Focus (weapon) {pain, Fly rCorr Dex-4 Stlth-}
   (You found it on level 2 of the Dungeon)

   In the hands of one skilled in necromantic magic, it inflicts extra damage on
   living creatures.
   Dex:       It affects your dexterity (-4).
   Fly:       It grants you flight.
   rCorr:     It protects you from acid and corrosion.
   Stlth:     It makes you less stealthy.
Armour
 a - a +0 robe (worn)
 c - a +0 cloak (worn)
Jewellery
 b - a ring of magical power
Scrolls
 e - a scroll of fear
 k - 2 scrolls of vulnerability {unknown}
 l - a scroll of poison {unknown}
 m - a scroll of enchant weapon {unknown}
Potions
 f - a potion of might
 g - a potion of heal wounds {unknown}
 h - a potion of attraction {unknown}
 n - 2 potions of brilliance {unknown}
 o - a potion of magic {unknown}


   Skills:
 + Level 5.5 Fighting
 - Level 2.6 Dodging
 - Level 1.7 Stealth
 - Level 2.6 Unarmed Combat


You had 3 spell levels left.
You didn't know any spells.
Your spell library contained the following spells:

 Spells                   Type           Power      Damage    Failure   Level
 Freezing Cloud           Conj/Ice/Air   0%         6-21      100%        5
 Simulacrum               Ice/Necr       0%         N/A       100%        6
 Polar Vortex             Ice            0%         N/A       100%        9


Dungeon Overview and Level Annotations

Branches:
Dungeon (3/15)

Altars:

Shops:
D:1 !   D:2 (

Annotations:
D:3 Sigmund


Innate Abilities, Weirdness & Mutations

You regenerate a little health from kills.
You are partially covered in razor-sharp scales. (AC +1, Slay +1)


Message History

You puncture the worm!
You kill the worm!
No target in view!
No target in view!
A giant cockroach comes into view.
You reach to attack!
You puncture the giant cockroach!
You kill the giant cockroach!
No target in view!
No target in view!
You reach down and open the door.
Found a glowing silver altar of Zin.
There is an open door here.
There is an open door here.
A dart slug comes into view.
You reach to attack!
You puncture the dart slug!
The dart slug is almost dead.
The dart slug launches a dart at you.
The slug dart hits you but does no damage.
You reach to attack!
You hit the dart slug.
You kill the dart slug!
No target in view!
No target in view!
Sigmund the Dreaded comes into view.
He is wielding a +2 scythe of venom.
Sigmund shouts!
A gnoll comes into view. It is wielding a +0 halberd.
Sigmund gestures wildly while chanting.
Sigmund flickers and vanishes!
Deactivating autopickup; reactivate with Ctrl-A.
Something hits you.
You are poisoned.
You feel sick.
You feel sick. Something hits you!
You miss something.
You feel sick. Something hits you!
* * * LOW HITPOINT WARNING * * *
You are lethally poisoned!
You hit something.
* * * LOW HITPOINT WARNING * * *
You feel extremely sick. Something hits you.
You die...

#
#.########......#
# #.# #.#...## #
#.# #.##.## ## #.#
#.# ## .######.#
#.# ........# #.#
.######## #.#
################.#
................@#
##################


There were no monsters in sight!

Vanquished Creatures
  Crazy Yiuf (D:2)
  Jessica (D:2)
  A gnoll (D:1)
  An adder (D:2)
  A worm (D:3)
  A dart slug (D:3)
  4 ball pythons
  2 endoplasms
  2 giant cockroaches
  5 goblins
  6 hobgoblins (D:1)
  5 kobolds
  5 quokkas
  3 bats
  3 frilled lizards (D:1)
41 creatures vanquished.

Notes
Turn   | Place    | Note
-------+----------+-------------------------------------------
     0 | D:1      | ryw the Demonspawn Monk began the quest for the Orb.
     0 | D:1      | Reached XP level 1. HP: 18/18 MP: 1/1
    39 | D:1      | Gained mutation: You regenerate a little health from kills.
                  | [demonic ancestry]
    39 | D:1      | Reached XP level 2. HP: 15/24 MP: 2/2
    68 | D:1      | Found Gocruhem's Distillery.
   233 | D:1      | Reached skill level 4 in Fighting
   323 | D:1      | Reached XP level 3. HP: 23/30 MP: 3/3
   985 | D:2      | Identified the +3 trident of Focus {pain, Fly rCorr Dex-4
                  | Stlth-}
  1121 | D:2      | Found a runed translucent door.
  1122 | D:2      | Noticed Crazy Yiuf
  1380 | D:2      | Found Jihoopekk's Antique Weapon Shop.
  1393 | D:2      | Noticed Jessica
  1404 | D:2      | Killed Jessica
  1405 | D:2      | Reached skill level 5 in Fighting
  1405 | D:2      | Gained mutation: You are partially covered in razor-sharp
                  | scales. (AC +1, Slay +1) [demonic ancestry]
  1405 | D:2      | Reached XP level 4. HP: 26/39 MP: 4/4
  1583 | D:2      | Found a faded altar of an unknown god.
  1692 | D:2      | Killed Crazy Yiuf
  1921 | D:3      | Noticed Sigmund
  1940 | D:3      | Slain by Sigmund

Illustrated notes

Levels and vault maps discovered:
D:1:      dpeg_arrival_refuge, layout_basic, serial_shops, shop, st_stairs_5
D:2:      layout_loops_cross, chequers_ecumenical_altar_lobes, serial_shops,
          shop, uniq_crazy_yiuf_cottage, uniq_jessica
D:3:      layout_loops_ring, zin_scriptorium, biasface_ghost_orc_armoury,
          minmay_pentomino_pile, uniq_sigmund

Skill      XL: |  1  2  3 |
---------------+----------+-----
Fighting       | 4 5 |  5.5
Dodging        | |  2.6
Stealth        | |  1.7
Unarmed Combat | |  2.6

Action                   |  1- 3 |  4- 6 || total
-------------------------+-------+-------++-------
Melee: Unarmed           |   114 |       ||   114
       Trident           |    17 |    19 ||    36
  Use: Potion            |     2 |     1 ||     3
       Scroll            |       |     3 ||     3
 Stab: Sleeping          |     2 |       ||     2
       Distracted        |     1 |       ||     1
Armor: Robe              |    16 |     2 ||    18
Dodge: Dodged            |    89 |     9 ||    98

Table legend: (Time is in decaauts)
 A = Elapsed time spent in this place.
 B = Non-inter-level travel time spent in this place.
 C = Inter-level travel time spent in this place.
 D = Time resting spent in this place.
 E = Time spent auto-exploring this place.
 F = Levels seen in this place.
 G = Mean time per level.
                   A        B        C        D        E       F      G
               +--------+--------+--------+--------+--------+-----+--------+
         Total |   1943 |   1890 |     53 |      5 |   1524 |   3 |  647.7 |
       Dungeon |   1943 |   1890 |     53 |      5 |   1524 |   3 |  647.7 |
               +--------+--------+--------+--------+--------+-----+--------+

Top non-repeatable levels by time:
     D:2: 981 daAuts
     D:1: 811 daAuts
     D:3: 150 daAuts
